 Dungeon Sprint DCSS version 0.18-a0-1784-ga939a68 (webtiles) character file.

4265 Kidiri the Covert (level 10, -11/51 HPs)
             Began as a Spriggan Enchanter on Apr 18, 2016.
             Was a Believer of Dithmenos.
             Shot with an arrow by a deep elf master archer (30 damage)
             ... in the Dungeon (Sprint II: "The Violet Keep of Menkaure").
             The game lasted 00:06:37 (966 turns).

Kidiri the Covert (Spriggan Enchanter)               Turns: 966, Time: 00:06:39

Health: -11/51     AC:  3    Str:  4    XL:     10   Next: 10%
Magic:  14/26      EV: 29    Int: 19    God:    Dithmenos [**....]
Gold:   615        SH:  7    Dex: 18    Spells: 7 memorised, 10 levels left

rFire  + . .     SeeInvis +     a - +1 dagger
rCold  . . .     Gourm    .     m - +1 robe {rF+}
rNeg   . . .     Faith    .     l - +0 buckler
rPois  .         Spirit   .     (helmet restricted)
rElec  .         Dismiss  .     (no cloak)
rCorr  .         Reflect  .     (gloves unavailable)
SustAt .         Harm     .     (boots unavailable)
MR     +....     NoTele   +     (no amulet)
Stlth  +++++++++.               (no ring)
                                (no ring)

@: wreathed by umbra, very quick, somewhat resistant to hostile enchantments,
incredibly stealthy
A: unfitting armour, see invisible, herbivore 3, speed 3, slow metabolism 2
a: Shadow Step, Renounce Religion


You were in the Dungeon.
You worshipped Dithmenos.
Dithmenos was pleased with you.
You were not hungry.

You visited 1 branch You collected 1307 gold pieces.
You spent 692 gold pieces at shops.

Inventory:

Hand Weapons
 a - a +1 dagger (weapon)
Missiles
 b - a throwing net (quivered)
Armour
 l - a +0 buckler (worn)
 m - a +1 robe of fire resistance (worn)
Scrolls
 f - a scroll of fog {unknown}
 j - a scroll of blinking
Potions
 e - a potion of curing
 g - a potion of haste
 h - 2 potions of magic
 k - a potion of agility {unknown}
Books
 c - a book of Maledictions

   Spells                             Type                      Level
   a - Corona                         Hexes                        1
   b - Ensorcelled Hibernation        Hexes/Ice                    2
   c - Confuse                        Hexes                        3
   d - Tukima's Dance                 Hexes                        3
   e - Dazzling Spray                 Conjuration/Hexes            3
 i - a book of Clouds

   Spells                             Type                      Level
   a - Mephitic Cloud                 Conjuration/Poison/Air       3
   b - Conjure Flame                  Conjuration/Fire             3
   c - Poisonous Cloud                Conjuration/Poison/Air       6
   d - Freezing Cloud                 Conjuration/Ice/Air          6
   e - Ring of Flames                 Charms/Fire                  7
Comestibles
 d - a bread ration


   Skills:
 + Level 5.1 Fighting
 * Level 10.0 Short Blades
 + Level 4.8 Armour
 * Level 12.9 Dodging
 * Level 14.0 Stealth
 + Level 2.7 Shields
 * Level 11.1 Spellcasting
 + Level 3.6 Conjurations
 + Level 8.5 Hexes
 + Level 3.8 Ice Magic
 * Level 5.3 Air Magic
 + Level 3.7 Poison Magic
 + Level 2.8 Invocations


You had 10 spell levels left.
You knew the following spells:

 Your Spells              Type           Power        Failure   Level  Hunger
a - Corona                Hex            #####..      1%          1    None
b - Ensorcelled Hibernat  Hex/Ice        ####..       1%          2    None
c - Confuse               Hex            #####...     1%          3    None
d - Tukima's Dance        Hex            #####...     1%          3    None
e - Dazzling Spray        Conj/Hex       ####....     2%          3    None
f - Mephitic Cloud        Conj/Pois/Air  ####....     6%          3    None
g - Freezing Cloud        Conj/Ice/Air   ####......   99%         6    ######.


Dungeon Overview and Level Annotations

Branches:
Dungeon (1/1)

Altars:
Cheibriados
Dithmenos
Elyvilon
Fedhas
Gozag
Kikubaaqudgha
Makhleb
Nemelex Xobeh
Okawaru
Pakellas
Qazlal
Ru
Sif Muna
Trog
Vehumet
Xom
Yredelemnul
Zin
The Shining One
Beogh
Jiyva
Lugonu

Shops:
D (}:=!!(=[?[%??*:

Annotations:
D exclusion: oklob plant, Roxanne


Innate Abilities, Weirdness & Mutations

You are tiny and cannot use many weapons and most armour.
You have supernaturally acute eyesight.
You are a herbivore.
You cover ground extremely quickly.
You need consume almost no food.


Message History

Casting: Confuse
Confirm with . or Enter, or press ? or * to list all spells.
Aiming: Confuse
Press: ? - help, Shift-Dir - straight line, f/p - deep elf master archer
Aim: a deep elf master archer, wielding a longbow and wearing a leather armour (umbra, chance to defeat MR: 9%)
The deep elf master archer resists with almost no effort.
The deep elf master archer shoots an arrow.
You block the arrow.
Casting: Confuse
Confirm with . or Enter, or press ? or * to list all spells.
Aiming: Confuse
Press: ? - help, Shift-Dir - straight line, f/p - deep elf master archer
Aim: a deep elf master archer, wielding a longbow and wearing a leather armour (umbra, chance to defeat MR: 9%)
The deep elf master archer resists with almost no effort.
The deep elf master archer shoots an arrow.
The arrow hits you!!
The deep elf master archer shoots an arrow.
The arrow hits you!!
Ouch! That really hurt!
You die...

+#### ≈≈≈≈≈§≈## §§§§§§≈##
§§8≈§§§§##++## # ≈§§§§§##§.^.###
#≈## §§≈≈ #e§(....#
#≈≈#+++#+++#####@...#
≈≈≈.........#.%+....#
≈≈≈≈.##+##..#..####.#
≈≈≈≈##.#.##.####..+^###
≈≈≈≈#..#.%#....#..#...####
≈≈#####.#####..#####.^##.#
≈##.###'###.##..#%%+..#..# $!
≈#...##.##...#..#..#..#.)#▓([???!
≈+###'.<.'.##'..####..##%#▓$!%%(?


You could see a deep elf master archer.

Vanquished Creatures
  2 hell hogs (D)
  2 unseen horrors (D)
  A yaktaur (D)
  3 polar bears (D)
  2 boulder beetles (D)
  3 soldier ants (D)
  A wasp (D)
  4 necrophages (D)
  A crocodile (D)
  A hell rat (D)
  4 worker ants (D)
  3 worms (D)
27 creatures vanquished.

Vanquished Creatures (others)
  Menkaure (D)
  A crocodile (D)
2 creatures vanquished.

Grand Total: 29 creatures vanquished

Notes
Turn   | Place    | Note
--------------------------------------------------------------
     0 | D        | Kidiri the Spriggan Enchanter began the quest for the Orb.
     0 | D        | Reached XP level 1. HP: 9/9 MP: 5/5
     1 | D        | Noticed a necrophage
     1 | D        | Noticed a necrophage
     1 | D        | Noticed a necrophage
     1 | D        | Noticed a necrophage
     9 | D        | Killed a necrophage
     9 | D        | Reached skill level 1 in Fighting
     9 | D        | Reached skill level 1 in Armour
     9 | D        | Reached skill level 5 in Dodging
     9 | D        | Reached skill level 7 in Stealth
     9 | D        | Reached XP level 2. HP: 15/15 MP: 5/8
     9 | D        | Reached XP level 3. HP: 18/18 MP: 6/10
     9 | D        | Reached XP level 4. HP: 23/23 MP: 6/11
    16 | D        | Killed a necrophage
    16 | D        | Reached skill level 5 in Short Blades
    16 | D        | Reached skill level 8 in Stealth
    16 | D        | Reached skill level 5 in Hexes
    16 | D        | Reached XP level 5. HP: 26/26 MP: 6/14
    22 | D        | Killed a necrophage
    22 | D        | Reached skill level 9 in Stealth
    26 | D        | Killed Menkaure
    79 | D        | Learned a level 3 spell: Confuse
    87 | D        | Killed a necrophage
    87 | D        | Reached XP level 6. HP: 18/30 MP: 0/17
    91 | D        | Learned a level 2 spell: Ensorcelled Hibernation
    95 | D        | Learned a level 3 spell: Tukima's Dance
    99 | D        | Learned a level 3 spell: Dazzling Spray
   259 | D        | Noticed a boulder beetle
   259 | D        | Noticed a boulder beetle
   266 | D        | Reached skill level 10 in Stealth
   378 | D        | Killed a boulder beetle
   378 | D        | Reached skill level 1 in Conjurations
   378 | D        | Reached skill level 1 in Ice Magic
   378 | D        | Reached XP level 7. HP: 34/34 MP: 7/19
   382 | D        | Killed a boulder beetle
   382 | D        | Reached skill level 10 in Dodging
   382 | D        | Reached skill level 11 in Stealth
   496 | D        | Noticed an orange crystal statue
   499 | D        | Found Kainooph's Assorted Antiques.
   515 | D        | Noticed Roxanne
   518 | D        | Found Newkacuz's Book Shop.
   519 | D        | Found Vakuymn's Magic Scroll Boutique.
   520 | D        | Found Rikkimny's Food Shop.
   520 | D        | Found Fiuwnapp's Magic Scroll Shop.
   521 | D        | Found Tiavomn's Magic Scroll Boutique.
   521 | D        | Found Ythraeff's Antique Armour Boutique.
   532 | D        | Found Pomuon's Jewellery Shop.
   533 | D        | Found Athaj's Antique Armour Shop.
   534 | D        | Found Uduhyfy's Antique Weapon Shop.
   534 | D        | Found Ydycvuymn's Distillery.
   670 | D        | Found Nulid's Distillery.
   670 | D        | Found Riewitao's Jewellery Boutique.
   670 | D        | Noticed a redback
   670 | D        | Noticed a redback
   670 | D        | Noticed an oklob plant
   671 | D        | Found Rujovan's Gadget Shop.
   671 | D        | Found Xiom's Weapon Boutique.
   671 | D        | Found Ehaex's Book Shoppe.
   672 | D        | Bought a book of Clouds for 540 gold pieces
   676 | D        | Learned a level 3 spell: Mephitic Cloud
   683 | D        | Learned a level 6 spell: Freezing Cloud
   683 | D        | Noticed a spiny frog
   685 | D        | Noticed a spiny frog
   691 | D        | Bought a glowing robe for 18 gold pieces
   702 | D        | Bought a buckler for 90 gold pieces
   702 | D        | Bought a glowing robe for 14 gold pieces
   709 | D        | Noticed a polar bear
   714 | D        | Noticed a polar bear
   716 | D        | Noticed a flying skull
   716 | D        | Noticed a flying skull
   723 | D        | Bought a scroll of remove curse for 30 gold pieces
   782 | D        | Found a glowing silver altar of Zin.
   783 | D        | Found a viscous altar of Jiyva.
   783 | D        | Found a stormy altar of Qazlal.
   784 | D        | Found an oddly glowing altar of Pakellas.
   784 | D        | Found a radiant altar of Vehumet.
   785 | D        | Found a bloodstained altar of Trog.
   785 | D        | Found an opulent altar of Gozag.
   785 | D        | Found a basalt altar of Yredelemnul.
   785 | D        | Found a corrupted altar of Lugonu.
   785 | D        | Found a sacrificial altar of Ru.
   786 | D        | Found a roughly hewn altar of Beogh.
   786 | D        | Found a snail-covered altar of Cheibriados.
   786 | D        | Found a deep blue altar of Sif Muna.
   787 | D        | Found a white marble altar of Elyvilon.
   787 | D        | Found a burning altar of Makhleb.
   787 | D        | Found an ancient bone altar of Kikubaaqudgha.
   788 | D        | Found a sparkling altar of Nemelex Xobeh.
   788 | D        | Found a shimmering altar of Xom.
   789 | D        | Found an iron altar of Okawaru.
   789 | D        | Found a shadowy altar of Dithmenos.
   790 | D        | Noticed a yaktaur
   790 | D        | Noticed a polar bear
   791 | D        | Noticed a polar bear
   791 | D        | Noticed a polar bear
   792 | D        | Killed a polar bear
   792 | D        | Reached skill level 1 in Air Magic
   792 | D        | Reached XP level 8. HP: 40/40 MP: 22/22
   793 | D        | Killed a polar bear
   793 | D        | Reached skill level 1 in Shields
   793 | D        | Reached skill level 1 in Poison Magic
   799 | D        | Reached skill level 12 in Stealth
   805 | D        | Killed a polar bear
   810 | D        | Killed a yaktaur
   827 | D        | Found a blossoming altar of Fedhas.
   827 | D        | Found a glowing golden altar of the Shining One.
   838 | D        | Noticed a flying skull
   838 | D        | Noticed a flying skull
   840 | D        | Became a worshipper of Dithmenos the Shadowed
   915 | D        | Reached * piety under Dithmenos
   915 | D        | Reached skill level 10 in Spellcasting
   915 | D        | Reached XP level 9. HP: 39/46 MP: 20/24
   927 | D        | Noticed an unseen horror
   928 | D        | Noticed an unseen horror
   929 | D        | Killed an unseen horror
   929 | D        | Reached skill level 13 in Stealth
   929 | D        | Reached skill level 1 in Invocations
   931 | D        | Killed an unseen horror
   942 | D        | Noticed a deep elf master archer
   945 | D        | Noticed a hell hog
   945 | D        | Noticed a hell hog
   947 | D        | Killed a hell hog
   947 | D        | Reached ** piety under Dithmenos
   947 | D        | Reached skill level 5 in Fighting
   949 | D        | Killed a hell hog
   949 | D        | Reached skill level 10 in Short Blades
   949 | D        | Reached skill level 14 in Stealth
   949 | D        | Reached skill level 5 in Air Magic
   949 | D        | Reached XP level 10. HP: 48/51 MP: 20/26
   966 | D        | Shot with an arrow by a deep elf master archer

Vault maps used:
D:        the_violet_keep_of_menkaure

Skill      XL: |  1  2  3  4  5  6  7  8  9 |
---------------+----------------------------+-----
Fighting       | 1 2 3 4 5 |  5.1
Short Blades   | 3 5 6 7 8 10 | 10.0
Armour         | 1 2 3 4 |  4.8
Dodging        | 5 7 8 9 10 11 12 | 12.9
Stealth        | 7 8 9 10 11 12 14 | 14.0
Spellcasting   | 4 6 7 8 9 10 11 | 11.1
Hexes          | 4 5 6 7 8 |  8.5
Conjurations   | 1 2 3 |  3.6
Ice Magic      | 1 2 3 |  3.8
Air Magic      | 1 3 5 |  5.3
Shields        | 1 2 |  2.7
Poison Magic   | 2 3 |  3.7
Invocations    | 2 |  2.8

Action                   |  1- 3 |  4- 6 |  7- 9 | 10-12 || total
-------------------------+-------+-------+-------+-------++-------
Melee: Dagger            |     7 |    38 |    21 |       ||    66
 Cast: Confuse           |       |     4 |     4 |     3 ||    11
       Corona            |       |     2 |       |       ||     2
       Ensorcelled Hiber |       |     6 |     9 |       ||    15
       Dazzling Spray    |       |     2 |     1 |       ||     3
  Use: Potion            |     1 |       |     1 |       ||     2
       Scroll            |       |       |     1 |       ||     1
 Stab: Confused          |       |     4 |     4 |       ||     8
       Sleeping          |       |     8 |    11 |       ||    19
Armor: Robe              |       |     3 |       |       ||     3
Dodge: Dodged            |     3 |    40 |    13 |       ||    56
Block: Buckler           |       |       |     2 |     3 ||     5
